 Dungeon Crawl Stone Soup version 0.27-a0-1206-g6342a01c75 (webtiles) character file.

Game seed: 15702997535628186316

1705 Delamore the Spear-Bearer (level 9, -4/68 HPs)
             Began as a Formicid Fighter on June 5, 2021.
             Was a Believer of the Shining One.
             Slain by Harold
             ... wielding a +0 morningstar
              (14 damage)
             ... on level 7 of the Dungeon.
             The game lasted 00:07:34 (6636 turns).

Delamore the Spear-Bearer (Formicid Fighter)        Turns: 6636, Time: 00:07:34

Health: -4/68      AC: 12    Str: 30    XL:     9   Next: 23%
Magic:  9/9        EV:  5    Int:  8    God:    the Shining One [**....]
Gold:   250        SH: 11    Dex: 10    Spells: 8/8 levels left

rFire    . . .     SeeInvis +   i - +1 halberd (venom)
rCold    . . .     Faith    .   c - +1 kite shield
rNeg     + . .     Spirit   .   j - +0 plate armour
rPois    .         Reflect  .   (helmet unavailable)
rElec    .         Harm     .   (no cloak)
rCorr    .         Rampage  .   (no gloves)
Will     .....                  u - +0 pair of boots
Stlth    ..........             p - amulet of magic regeneration
HPRegen  0.21/turn              h - +6 ring of strength
MPRegen  0.36/turn              (no ring)

@: marked, attractive, glowing
A: permanent stasis, dig shafts and tunnels, antennae 3, four strong arms
a: Dig, Shaft Self, Renounce Religion, Divine Shield


You were on level 7 of the Dungeon.
You worshipped the Shining One.
The Shining One was pleased with you.
You visited 1 branch of the dungeon, and saw 7 of its levels.

You collected 292 gold pieces.
You spent 42 gold pieces at shops.

Inventory:

Hand Weapons
 a - a +1 trident
 i - a +1 halberd of venom (weapon)
Missiles
 l - 7 boomerangs
 n - a curare-tipped dart (quivered)
 v - 6 silver javelins
Armour
 b - a +0 scale mail
 c - a +1 kite shield (worn)
 j - a +0 plate armour (worn)
 u - a +0 pair of boots (worn)
Jewellery
 h - a +6 ring of strength (left hand)
 p - an amulet of magic regeneration (around neck)
 w - a ring of fire
Scrolls
 e - a scroll of enchant weapon
 f - a scroll of vulnerability
 g - a scroll of noise
 k - 2 scrolls of fog
Potions
 d - 3 potions of might
 m - 2 potions of degeneration
 o - 2 potions of brilliance
 q - a potion of invisibility
 r - a potion of flight {unknown}
 s - 2 potions of curing
 z - a potion of haste {unknown}


   Skills:
 - Level 5.0 Fighting
 * Level 10.7 Polearms
 - Level 3.2 Armour
 - Level 3.6 Shields


You had 8 spell levels left.
You didn't know any spells.
Your spell library contained the following spells:

 Spells                   Type           Power      Damage    Failure   Level
 Animate Skeleton         Necr           0%         N/A       100%        1
 Apportation              Tloc           0%         N/A       100%        1
 Corona                   Hex            0%         N/A       100%        1
 Magic Dart               Conj           0%         1d3       100%        1
 Summon Small Mammal      Summ           0%         N/A       100%        1
 Call Imp                 Summ           0%         N/A       100%        2
 Ensorcelled Hibernation  Hex/Ice        0%         N/A       100%        2
 Slow                     Hex            0%         N/A       100%        2
 Call Canine Familiar     Summ           0%         N/A       100%        3
 Confusing Touch          Hex            0%         N/A       100%        3
 Conjure Flame            Conj/Fire      0%         6-21      100%        3
 Dazzling Flash           Conj/Hex       0%         N/A       100%        3
 Gell's Gravitas          Tloc           0%         N/A       100%        3
 Mephitic Cloud           Conj/Pois/Air  0%         N/A       100%        3
 Summon Guardian Golem    Hex/Summ       0%         N/A       100%        3
 Tukima's Dance           Hex            0%         N/A       100%        3
 Petrify                  Tmut/Erth      0%         N/A       100%        4
 Summon Ice Beast         Ice/Summ       0%         N/A       100%        4
 Summon Lightning Spire   Summ/Air       0%         N/A       100%        4
 Metabolic Englaciation   Hex/Ice        0%         N/A       100%        5
 Yara's Violent Unravell  Hex/Tmut       0%         3d3       100%        5
 Blink                    Tloc           Unusable   N/A       N/A         2

Dungeon Overview and Level Annotations

Branches:
Dungeon (7/15)             Temple (0/1) D:4

Altars:
Fedhas
The Shining One

Shops:
D:1 ?   D:2 (

Annotations:
D:7 Harold


Innate Abilities, Weirdness & Mutations

You cannot be hasted, slowed, berserked, paralysed or teleported.
You can dig through walls and to a lower floor.
You have a pair of large antennae on your head. (SInv)
Your four strong arms can wield two-handed weapons with a shield.


Message History

Harold is lightly wounded.
You block Harold's attack.
You hit Harold.
Harold looks as sick as possible!
Harold is lightly wounded.
Harold hits you with a +0 morningstar!
You puncture Harold!
Harold looks as sick as possible!
Harold is moderately wounded.
Harold casts a spell at you.
You barely resist.
An orc wizard comes into view. It is wielding a +0 dagger.
You hit Harold.
Harold looks as sick as possible!
Harold is moderately wounded.
Harold hits you with a +0 morningstar! Harold gestures at you while chanting.
A sentinel's mark forms upon you.
You are too injured to fight recklessly!
You slash Harold!
Harold looks as sick as possible!
Harold is heavily wounded.
Harold hits you with a +0 morningstar!
* * * LOW HITPOINT WARNING * * *
A bullfrog comes into view.
The bullfrog swells and bulges.
Harold fires a harpoon shot at you. The harpoon shot hits you!
* * * LOW HITPOINT WARNING * * *
You are yanked forward by the harpoon shot.
Okay, then.
Okay, then.
It was a potion of curing.
You feel better.
The bullfrog hits you but does no damage.
Harold hits you with a +0 morningstar.
* * * LOW HITPOINT WARNING * * *
It was a potion of attraction.
You feel attractive to monsters. You block the bullfrog's attack.
The orc wizard gestures at itself while chanting.
The orc wizard flickers and vanishes for a moment.
The bullfrog hits you but does no damage.
Harold hits you with a +0 morningstar!
You die...

....##...
........##
.........##
..........## ...
..........o# ...
........# ...
........## { ..#
#......o@## ..#
##......#@## ..#
#.....###F## ..##
##.....#...## ..
#..#
#..........####..
#.<#
#................
##)#
##..#............
#..
#...............
....
.................
...$.
..................


You could see Harold (extremely poisoned), a bullfrog and an orc wizard
(invisible).

Vanquished Creatures
  Sigmund (D:6)
  A black bear (D:6)
  2 orc warriors
  An ogre (D:7)
  2 centaurs
  A phantom (D:4)
  Blork the orc (D:6)
  A bullfrog (D:6)
  A scorpion (D:5)
  4 wights
  A howler monkey (D:6)
  3 bullfrog zombies (D:6)
  A centaur zombie (D:6)
  2 hounds
  A jelly (D:6)
  A centaur skeleton (D:6)
  A gnoll shaman (D:6)
  An orc priest (D:6)
  A bullfrog skeleton (D:6)
  2 iguanas (D:5)
  2 orc wizards (D:4)
  4 adders
  A gnoll (D:5)
  A worm (D:3)
  A dart slug (D:1)
  10 orcs
  7 ball pythons
  5 endoplasms
  5 giant cockroaches
  4 hobgoblins
  7 jackals
  11 kobolds
  3 quokkas
  9 bats
  2 frilled lizards (D:3)
  4 goblins
  5 rats
110 creatures vanquished.

Vanquished Creatures (others)
  14 plants (D:2)
14 creatures vanquished.

Grand Total: 124 creatures vanquished

Notes
Turn   | Place    | Note
-------+----------+-------------------------------------------
     0 | D:1      | Delamore the Formicid Fighter began the quest for the Orb.
     0 | D:1      | Reached XP level 1. HP: 18/18 MP: 1/1
    48 | D:1      | Found Rom Vuif's Magic Scroll Boutique.
   103 | D:1      | Bought a scroll of noise for 14 gold pieces
   156 | D:1      | Reached XP level 2. HP: 9/24 MP: 2/2
   482 | D:1      | Reached XP level 3. HP: 30/30 MP: 3/3
   493 | D:1      | Reached skill level 3 in Polearms
   544 | D:1      | Found a faded altar of an unknown god.
   919 | D:1      | Became a worshipper of the Shining One
   919 | D:1      | Reached * piety under the Shining One
  1397 | D:2      | Found Yludugh's Weapon Shop.
  1454 | D:2      | Reached XP level 4. HP: 37/37 MP: 4/4
  1936 | D:1      | Bought a scroll of fog for 28 gold pieces
  2242 | D:3      | Found a blossoming altar of Fedhas.
  2598 | D:3      | Reached skill level 4 in Polearms
  2829 | D:4      | Reached XP level 5. HP: 42/42 MP: 5/5
  3028 | D:4      | Noticed a phantom
  3039 | D:4      | Killed a phantom
  3261 | D:4      | Found a staircase to the Ecumenical Temple.
  3300 | D:4      | Reached skill level 5 in Polearms
  3300 | D:4      | Reached XP level 6. HP: 21/49 MP: 6/6
  3471 | D:4      | Noticed an orc warrior
  3481 | D:4      | Killed an orc warrior
  3482 | D:4      | Reached skill level 5 in Fighting
  4140 | D:5      | Entered Level 5 of the Dungeon
  4153 | D:5      | Reached skill level 6 in Polearms
  4153 | D:5      | Reached XP level 7. HP: 50/56 MP: 7/7
  4167 | D:5      | Noticed a steam dragon
  4352 | D:4      | Reached skill level 7 in Polearms
  4606 | D:5      | Reached ** piety under the Shining One
  4626 | D:5      | Identified the +10 dagger "String" {drain, Str+3 Dex+6}
  4896 | D:5      | Reached XP level 8. HP: 59/62 MP: 8/8
  5302 | D:6      | Reached skill level 8 in Polearms
  5768 | D:6      | Reached skill level 9 in Polearms
  5796 | D:6      | Noticed Sigmund
  5803 | D:6      | Killed Sigmund
  5912 | D:6      | Reached skill level 10 in Polearms
  5912 | D:6      | Reached XP level 9. HP: 41/68 MP: 9/9
  6178 | D:6      | Noticed Blork the orc
  6190 | D:6      | Killed Blork the orc
  6624 | D:7      | Noticed Harold
  6636 | D:7      | Slain by Harold

Illustrated notes

Levels and vault maps discovered:
D:1:      dpeg_arrival_arbitrary_a, layout_rooms, serial_shops,
          nicolae_shop_statue_plus, hellmonk_ecumenical_altar_leap_of_faith,
          minmay_misc_feat_secret_circle
D:2:      layout_loops_ring, serial_bayou, serial_bayou_ford_a,
          serial_bayou_crossing, serial_bayou_lake_a, serial_bayou_pond_e,
          serial_shops, nicolae_shop_statue_plus, minmay_misc_feat_roman,
          grunt_ministairs_6
D:3:      layout_loops_ring, overflow_temple_1_default,
          chequers_hall_statues_wall_a
D:4:      layout_layer_cave, minmay_temple_entry_tees
D:5:      layout_loops_ring
D:6:      layout_basic, uniq_blork_the_orc, uniq_sigmund
D:7:      layout_layer_cave, nzn_overflow_gifts_of_might_and_magic,
          gammafunk_ghost_nasty_kobolds, uniq_prince_ribbit1, uniq_joseph,
          uniq_menkaure, uniq_harold

Skill      XL: |  1  2  3  4  5  6  7  8 |
---------------+-------------------------+-----
Polearms       | 3 4 5 6 7 10 | 10.7
Fighting       | 4 5 |  5.0
Armour         | |  3.2
Shields        | |  3.6

Action                   |  1- 3 |  4- 6 |  7- 9 || total
-------------------------+-------+-------+-------++-------
Melee: Trident           |   125 |    92 |   132 ||   349
       Halberd           |       |       |     8 ||     8
Throw: Dart              |       |     3 |     3 ||     6
       Boomerang         |       |     2 |     3 ||     5
       Javelin           |       |       |     3 ||     3
 Abil: Dig               |       |       |     6 ||     6
  Use: Scroll            |       |     8 |     3 ||    11
       Potion            |       |       |     2 ||     2
Armor: Scale mail        |    57 |    14 |       ||    71
       Plate armour      |       |    14 |    65 ||    79
Dodge: Dodged            |    35 |    18 |    19 ||    72
Block: Kite shield       |    66 |    33 |    86 ||   185

Table legend: (Time is in decaauts)
 A = Elapsed time spent in this place.
 B = Non-inter-level travel time spent in this place.
 C = Inter-level travel time spent in this place.
 D = Time resting spent in this place.
 E = Time spent auto-exploring this place.
 F = Levels seen in this place.
 G = Mean time per level.
                   A        B        C        D        E       F      G
               +--------+--------+--------+--------+--------+-----+--------+
         Total |   6790 |   6582 |    208 |   1908 |   3723 |   7 |  970.0 |
       Dungeon |   6790 |   6582 |    208 |   1908 |   3723 |   7 |  970.0 |
               +--------+--------+--------+--------+--------+-----+--------+

Top non-repeatable levels by time:
     D:4: 1681 daAuts
     D:2: 1256 daAuts
     D:6: 1007 daAuts
     D:1: 974 daAuts
     D:7: 726 daAuts
     D:3: 683 daAuts
     D:5: 461 daAuts
